 Dungeon Crawl Stone Soup version 0.31-b1-18-g61460d1e46 (webtiles) character file.

Game seed: 7786959444268158002

555 NamelessAdventurer the Sneak (level 7, -5/6 HPs)
             Began as a Grey Draconian Enchanter on Jan 17, 2024.
             Slain by an iguana (11 damage)
             ... on level 5 of the Dungeon.
             The game lasted 00:11:22 (2398 turns).

NamelessAdventurer the Sneak (DrEn)                 Turns: 2398, Time: 00:11:23

Health: -5/6       AC:  2    Str: 18    XL:     7   Next: 8%
Magic:  9/11       EV: 10    Int: 15    God:
Gold:   166        SH:  0    Dex: 11    Spells: 2/11 levels left

rFire   . . .        h - melded +0 dagger (elec)
rCold   . . .        (shield currently unavailable)
rNeg    . . .        (body armour unavailable)
rPois   +            (helmet currently unavailable)
rElec   .            (cloak currently unavailable)
rCorr   +            (gloves currently unavailable)
SInv    .            (boots currently unavailable)
Will    .....        (no amulet)
Stlth   ++           p - ring of resist corrosion
HPRegen 0.21/turn    (no ring)
MPRegen 0.12/turn

%: no passive effects
@: snake-form
A: constrict, reduced hp, AC +11, amphibious, large, unfitting armour,
(cold-blooded)
a: Begin Untransformation


You were on level 5 of the Dungeon.
You were an enormous serpent.
You visited 1 branch of the dungeon, and saw 5 of its levels.

You collected 166 gold pieces.

Inventory:

Hand Weapons
 g - a +0 sling of freezing
 h - a +0 dagger of electrocution (melded)
Missiles
 d - 4 darts of dispersal (quivered)
 i - 3 curare-tipped darts
Jewellery
 f - a ring of flight
 p - a ring of resist corrosion (left hand)
Talismans
 k - a serpent talisman (active)
Scrolls
 j - a scroll of revelation
 m - 2 scrolls of teleportation
Potions
 b - a potion of invisibility
 c - a potion of magic
 e - 2 potions of lignification
 l - a potion of mutation {unknown}
 n - a potion of ambrosia
 o - a potion of might {unknown}


   Skills:
 * Level 1.9 Fighting
 * Level 3.2 Short Blades
 * Level 1.4 Ranged Weapons
 * Level 1.3 Throwing
 * Level 2.7 Dodging
 * Level 4.1 Stealth
 * Level 2.9 Spellcasting
 * Level 3.7 Hexes
 * Level 0.5 Summonings
 * Level 1.5 Ice Magic


You had 2 spell levels left.
You knew the following spells:

 Your Spells              Type           Power      Damage    Failure   Level
a - Ensorcelled Hibernat  Hex/Ice        20%        N/A       11%         2
b - Tukima's Dance        Hex            13%        N/A       13%         3
c - Confusing Touch       Hex            13%        N/A       13%         3
d - Summon Small Mammal   Summ           12%        N/A       16%         1

Your spell library contained the following spells:

 Spells                   Type           Power      Damage    Failure   Level
 Apportation              Tloc           4%         N/A       21%         1
 Necrotise                Necr           8%         1d4       21%         1
 Sting                    Conj/Alch      8%         1d3       21%         1
 Dazzling Flash           Conj/Hex       14%        N/A       28%         3
 Dimensional Bullseye     Hex/Tloc       3%         N/A       67%         4
 Iskenderun's Mystic Bla  Conj/Tloc      2%         2d3       90%         4


Dungeon Overview and Level Annotations

Branches:
Dungeon (5/15)
 Temple: D:4-7

Altars:

Shops:
D:4 (


Innate Abilities, Weirdness & Mutations

You are an enormous serpent.
You have a powerful constriction melee attack.
Your maximum health is decreased, since you lack skill for your form.
Your armour is entirely melded.
You are incapable of wielding weapons or throwing items.
((Your dull iron-grey scales are very hard. (AC +11)))
You are amphibious.
You cannot fit into any form of body armour.
((You are cold-blooded and may be slowed by cold attacks.))


Message History

Press: ? - help, Shift-Dir - straight line, f - gnoll
Aim: a gnoll, wielding a +0 flail (covering ground quickly, chance to affect: 55%)
The gnoll resists with significant effort.
Casting: Tukima's Dance (astonishingly dangerous; 13% risk of failure)
Confirm with . or Enter, or press ? or * to list all spells.
Aiming: Tukima's Dance (astonishingly dangerous; 13% risk of failure)
Press: ? - help, Shift-Dir - straight line, f/p - gnoll
Aim: a gnoll, wielding a +0 flail (covering ground quickly, chance to affect: 55%)
The +0 flail dances into the air!
The gnoll barely misses you.
You barely miss the gnoll. You grab the gnoll.
You constrict the gnoll, but do no damage.
The gnoll barely misses you.
You hit the gnoll.
The gnoll is heavily wounded.
You constrict the gnoll. The gnoll closely misses you.
You hit the gnoll but do no damage.
The gnoll is heavily wounded.
You constrict the gnoll.
The gnoll is no longer moving quickly.
The gnoll hits you but does no damage.
Your +0 flail hits the gnoll.
The gnoll dies!
You see here a gnoll corpse.
You swap places.
Your +0 flail falls from the air.
You see here a gnoll corpse.
You see here 3 stones.
An iguana comes into view.
The iguana hisses angrily.
Casting: Tukima's Dance (astonishingly dangerous; 13% risk of failure)
Confirm with . or Enter, or press ? or * to list all spells.
Aiming: Ensorcelled Hibernation (safe; 11% risk of failure)
Press: ? - help, Shift-Dir - straight line, f - iguana
Aim: an iguana (chance to affect: 52%)
The iguana resists with significant effort.
The iguana bites you but does no damage.
You barely miss the iguana. Your grab misses the iguana.
The iguana barely misses you.
You barely miss the iguana. You grab the iguana. You constrict the iguana.
The iguana bites you!
Ouch! That really hurt!
You die...

#.................#
#.................#
##................#
#................#
#................#
#...............##
##(.............#
######...............#
#####...........S........#
#.....#####.....l....#...#
####### ##......####..
####..## ##..# #...#
##.... #..... ......


You could see an iguana.

Vanquished Creatures
  A bullfrog (D:4)
  3 scorpions
  A hound (D:4)
  A jelly (D:4)
  An orc wizard (D:4)
  A gnoll (D:3)
  4 adders
  A white imp (D:3)
  2 ufetubi (D:5)
  A dart slug (D:1)
  A ribbon worm (D:2)
  4 orcs (D:4)
  An endoplasm (D:3)
  4 giant cockroaches
  6 goblins
  3 hobgoblins
  3 jackals (D:2)
  6 quokkas
  7 ball pythons
  A bat (D:3)
  2 frilled lizards (D:3)
  8 kobolds
  5 rats
67 creatures vanquished.

Vanquished Creatures (collateral kills)
  An ogre (D:3)
  A gnoll (D:5)
  An adder (D:3)
  An orc (D:4)
  A kobold (D:3)
5 creatures vanquished.

Grand Total: 72 creatures vanquished

Notes
Turn   | Place    | Note
-------+----------+-------------------------------------------
     0 | D:1      | NamelessAdventurer the Draconian Enchanter began the quest
                  | for the Orb.
     0 | D:1      | Reached XP level 1. HP: 14/14 MP: 3/3
   146 | D:1      | Reached XP level 2. HP: 18/20 MP: 5/5
   218 | D:2      | Learned a level 2 spell: Ensorcelled Hibernation
   280 | D:2      | Reached skill level 3 in Stealth
   421 | D:2      | Reached XP level 3. HP: 25/27 MP: 1/6
   441 | D:2      | Learned a level 3 spell: Tukima's Dance
   882 | D:3      | Reached XP level 4. HP: 31/34 MP: 7/7
   926 | D:3      | Reached skill level 1 in Fighting
  1033 | D:3      | Identified the +1 robe of Generosity {Dex+4}
  1081 | D:3      | Noticed an ogre
  1087 | D:3      | Killed an ogre
  1088 | D:3      | Reached XP level 5. HP: 40/40 MP: 4/8
  1092 | D:3      | Learned a level 3 spell: Confusing Touch
  1315 | D:4      | Reached skill level 1 in Ice Magic
  1389 | D:4      | Reached skill level 1 in Ranged Weapons
  1389 | D:4      | Reached XP level 6. HP: 47/47 MP: 9/9
  1530 | D:4      | Reached skill level 1 in Throwing
  1761 | D:4      | Learned a level 1 spell: Summon Small Mammal
  1849 | D:4      | Found Xigatri's Antique Weapon Shoppe.
  2002 | D:4      | Reached skill level 4 in Stealth
  2125 | D:5      | Entered Level 5 of the Dungeon
  2220 | D:5      | Your scales start taking on a dull iron-grey colour.
  2220 | D:5      | Reached XP level 7. HP: 49/53 MP: 3/11
  2398 | D:5      | Slain by an iguana

Illustrated notes

Levels and vault maps discovered:
D:1:      psy_arrival_spokes, layout_loops_ring, minmay_small_reverse_x
D:2:      layout_rooms, uniq_sigmund
D:3:      kennysheep_six_static_rooms, layout_basic, st_stairs_4
D:4:      layout_cave_pools, serial_shops, shop_fountains
D:5:      layout_cave_pods, uniq_eustachio

Skill      XL: |  1  2  3  4  5  6 |
---------------+-------------------+-----
Hexes          | 3 |  3.7
Dodging        | 2 |  2.7
Stealth        | 3 4 |  4.1
Fighting       | 1 |  1.9
Short Blades   | 2 3 |  3.2
Ice Magic      | 1 |  1.5
Ranged Weapons | 1 |  1.4
Throwing       | 1 |  1.3
Spellcasting   | |  2.9
Summonings     | |  0.5

Action                     |  1- 3 |  4- 6 |  7- 9 || total
---------------------------+-------+-------+-------++-------
  Melee: Dagger            |   124 |    95 |       ||   219
         Tailslap          |    11 |    10 |       ||    21
         Punch             |     2 |       |       ||     2
         Unarmed           |       |       |     8 ||     8
         Constrict         |       |       |     3 ||     3
  Throw: Dart              |       |     2 |       ||     2
   Cast: Ensorcelled Hiber |     7 |    15 |     1 ||    23
         Tukima's Dance    |       |     3 |     2 ||     5
    Use: Scroll            |     4 |     7 |     1 ||    12
         Potion            |     2 |     1 |       ||     3
   Stab: Sleeping          |    10 |     8 |       ||    18
         Invisible         |     1 |       |       ||     1
 Armour: Skin              |    50 |    54 |     5 ||   109
  Dodge: Dodged            |    87 |    69 |     6 ||   162
   Form: Serpent           |       |       |     1 ||     1
